AoeStats
← GAX | Urubu

Lombardia

509236784Analyzed
4v4 RM · 7d ago on Sep 26, 2026· 36m 29s· 8 players
Game mode
Random Map
Map size
Large (8 player)
Population
200
Speed
Normal
Resources
Standard
Victory
Conquest
Starting age
Dark Age
Ending age
Imperial Age
RankedLock teamsTeams togetherTeam positionsShared explorationLock speedFull tech treeHidden civsTurbo modeCheats
Victory
Defeat
🇧🇷 Cumans · Brazil
1850
+6
🇧🇷 Britons · Brazil
1582
+15
🇧🇷 Bengalis · Brazil
1515
+17
🇧🇷 Hindustanis · Brazil
1428
+20
🇺🇸 Persians · United States
1700
-21
🇧🇷 Danes · Brazil
1601
-16
🇧🇷 Varangians · Brazil
1497
-12
🇧🇷 Hindustanis · Brazil
1419
-9
GAX | toooasty
6:22 Loom
8:48 Feudal Age
9:28 Double-Bit Axe
10:15 Horse Collar
19:28 Castle Age
17:39 Gold Mining
18:31 Forging
18:33 Bloodlines
19:24 Scale Barding Armor
20:13 Husbandry
19:36 Light Cavalry
20:29 Bow Saw
26:02 Wheelbarrow
26:26 Heavy Plow
28:03 Chain Barding Armor
29:34 Hand Cart
29:04 Town Watch
34:06 Imperial Age
34:35 Iron Casting
34:23 Heavy Camel Rider
35:19 Caravan
KROY
5:45 Loom
9:07 Feudal Age
9:48 Double-Bit Axe
9:45 Horse Collar
16:22 Wheelbarrow
19:15 Gold Mining
21:33 Castle Age
23:03 Scale Barding Armor
23:09 Forging
23:11 Bloodlines
23:37 Gold Shaft Mining
23:25 Bow Saw
23:19 Heavy Plow
23:05 Town Watch
25:02 Chain Barding Armor
26:45 Iron Casting
29:41 Stone Mining
34:05 Hand Cart
GAX | Urubu
8:41 Loom
8:48 Loom
10:35 Feudal Age
12:04 Double-Bit Axe
14:33 Castle Age
14:09 Horse Collar
20:23 Wheelbarrow
21:53 Bow Saw
22:22 Heavy Plow
22:20 Stone Mining
22:51 Gold Mining
24:27 Fletching
24:37 Padded Archer Armor
25:20 Gold Shaft Mining
26:12 Bodkin Arrow
26:33 Leather Archer Armor
30:04 Imperial Age
28:27 Hand Cart
29:08 Town Watch
30:51 Yeomen
31:51 Conscription
31:33 Bracer
32:03 Ring Archer Armor
31:57 Ballistics
32:38 Chemistry
32:12 Elite Longbowman
34:29 Hoardings
34:38 Masonry
GAX | Dattatreyaa
7:09 Loom
9:24 Feudal Age
9:55 Double-Bit Axe
11:02 Horse Collar
19:56 Castle Age
18:01 Gold Mining
18:35 Fletching
19:20 Padded Archer Armor
20:51 Bow Saw
20:43 Heavy Plow
21:59 Stone Mining
23:04 Bloodlines
22:51 Bodkin Arrow
27:58 Wheelbarrow
28:33 Leather Archer Armor
30:39 Husbandry
31:09 Ballistics
31:53 Hand Cart
33:43 Gold Shaft Mining
36:53 Imperial Age
35:59 Forging
SSx_Sinistro
5:59 Loom
10:17 Feudal Age
10:51 Double-Bit Axe
12:57 Bloodlines
14:54 Horse Collar
15:59 Scale Barding Armor
17:17 Forging
18:36 Wheelbarrow
22:23 Castle Age
20:24 Gold Mining
22:19 Stone Mining
22:23 Town Watch
23:32 Chain Barding Armor
23:48 Iron Casting
24:35 Bow Saw
26:36 Scale Mail Armor
27:19 Hand Cart
27:48 Stone Shaft Mining
36:14 Squires
SS_Guxta
5:42 Loom
8:14 Feudal Age
9:04 Double-Bit Axe
20:27 Castle Age
18:33 Horse Collar
20:08 Bloodlines
20:16 Scale Barding Armor
22:28 Chain Barding Armor
22:59 Forging
SS_Tiozão
10:44 Feudal Age
11:23 Loom
14:35 Castle Age
17:13 Wheelbarrow
18:54 Double-Bit Axe
18:51 Horse Collar
22:47 Bow Saw
23:11 Heavy Plow
23:03 Gold Mining
25:14 Gold Shaft Mining
30:24 Imperial Age
28:31 Forging
28:27 Scale Barding Armor
28:48 Bloodlines
28:39 Husbandry
29:35 Hand Cart
30:36 Iron Casting
32:08 Chain Barding Armor
32:30 Heavy Camel Rider
35:30 Blast Furnace
36:10 Plate Barding Armor
36:22 Conscription
SS_T3q
7:23 Loom
11:20 Feudal Age
15:58 Castle Age
14:33 Double-Bit Axe
14:29 Horse Collar
23:55 Wheelbarrow
26:15 Bow Saw
31:28 Imperial Age
29:48 Squires
29:33 Arson
30:20 Gold Mining
30:21 Stone Mining
31:08 Scale Mail Armor
31:19 Forging
32:09 Chain Mail Armor
31:42 Gambesons
32:46 Conscription
33:34 Iron Casting
33:13 Heavy Plow
33:49 Gold Shaft Mining
33:50 Stone Shaft Mining
34:22 Plate Mail Armor
34:56 Conscription
36:15 Chemistry
35:39 Ballistics
37:38 Blast Furnace
Connection lost

Rejoining the realm…

Still unreachable

The connection could not be restored.

Session expired

The server has moved on; the page needs a fresh start.